 Dungeon Crawl Stone Soup version 0.27.0-1-g7a089689b8 (webtiles) character file.

Game seed: 15329442067343061476

81 Sin92 the Covered (level 4, -11/41 HPs)
             Began as a Minotaur Fighter on Aug 1, 2021.
             Mangled by Crazy Yiuf (18 damage)
             ... on level 3 of the Dungeon.
             The game lasted 00:05:35 (2745 turns).

Sin92 the Covered (Minotaur Fighter)                Turns: 2745, Time: 00:05:35

Health: -11/41     AC:  9    Str: 22    XL:     4   Next: 19%
Magic:  3/3        EV:  7    Int:  5    God:
Gold:   80         SH:  9    Dex:  9    Spells: 3/3 levels left

rFire    . . .     SeeInvis .   a - +0 war axe
rCold    . . .     Faith    .   c - +0 kite shield
rNeg     . . .     Spirit   .   b - +0 scale mail
rPois    .         Reflect  .   (helmet restricted)
rElec    .         Harm     .   e - +0 cloak
rCorr    .         Rampage  .   k - +0 pair of gloves
Will     .....                  (no boots)
Stlth    ..........             (no amulet)
HPRegen  0.13/turn              (no ring)
MPRegen  0.08/turn              (no ring)

@: no status effects
A: horns 2, retaliatory headbutt
a: no special abilities


You were on level 3 of the Dungeon.
You visited 1 branch of the dungeon, and saw 3 of its levels.

You collected 80 gold pieces.

Inventory:

Hand Weapons
 a - a +0 war axe (weapon)
Armour
 b - a +0 scale mail (worn)
 c - a +0 kite shield (worn)
 e - a +0 cloak (worn)
 k - a +0 pair of gloves (worn)
Jewellery
 i - a +6 ring of strength
Scrolls
 h - a scroll of brand weapon {unknown}
Potions
 d - a potion of might
 f - a potion of flight {unknown}
 g - a potion of haste {unknown}
 j - 2 potions of cancellation


   Skills:
 + Level 4.4 Fighting
 + Level 3.3 Axes
 + Level 4.7 Armour
 + Level 4.0 Shields


You had 3 spell levels left.
You didn't know any spells.
Your spell library contained the following spells:

 Spells                   Type           Power      Damage    Failure   Level
 Animate Skeleton         Necr           0%         N/A       99%         1
 Pain                     Necr           0%         1d4       99%         1
 Call Canine Familiar     Summ           0%         N/A       100%        3
 Portal Projectile        Hex/Tloc       0%         N/A       100%        3
 Vampiric Draining        Necr           0%         2d6       100%        3
 Leda's Liquefaction      Hex/Erth       0%         N/A       100%        4


Dungeon Overview and Level Annotations

Branches:
Dungeon (3/15)

Altars:
Ashenzari
Cheibriados
Gozag
Hepliaklqana
Wu Jian
Xom
Yredelemnul

Shops:
D:2 *

Annotations:
D:3 Crazy Yiuf


Innate Abilities, Weirdness & Mutations

You have a pair of horns on your head.
You reflexively headbutt those who attack you in melee.


Message History

There is an open door here.
There is an open door here.
Key pressed, stopping explore.
No target in view!
Unknown command.
Things that are here:
a +0 short sword; a stone; a kobold skeleton Crazy Yiuf shouts!
Crazy Yiuf grits, "Snower!
You snockshim horse."
Key pressed, stopping explore.
No reachable target in view!
Unknown command.
Crazy Yiuf cries, "Spliff sallow chair!"
No reachable target in view!
Unknown command.
Could not explore, unopened runed door.
No reachable target in view!
Unknown command.
Could not explore, unopened runed door.
No reachable target in view!
Unknown command.
Could not explore, unopened runed door.
No reachable target in view!
Unknown command.
Could not explore, unopened runed door.
You open the door. You barely miss Crazy Yiuf.
Crazy Yiuf hits you with a +2 quarterstaff of chaos.
Crazy Yiuf drinks a potion.
Crazy Yiuf seems to grow stronger.
You barely miss Crazy Yiuf. You block Crazy Yiuf's attack.
You hit Crazy Yiuf.
Crazy Yiuf is lightly wounded.
Crazy Yiuf hits you with a +2 quarterstaff of chaos!
You are electrocuted!!
* * * LOW HITPOINT WARNING * * *
Crazy Yiuf barely misses you.
You slash Crazy Yiuf! Your headbutt misses Crazy Yiuf.
Crazy Yiuf is severely wounded.
Crazy Yiuf hits you with a +2 quarterstaff of chaos!!
You die...

#.#[.# ##...##
#.# ##....# ##.##
#.# ...#.## #.#
#.# .###.# ###
### .....# .#####
...# ### ###
###### ...# ##.#
#)..### ##....##
...####..#
#...g@####......#
......'..#
#...##..#.......#
...####..# ###
###.#....#.# ...#
##.# #######..#
##.# ### #.##
...# ### ####.#
#### #'# #.##.#
...# #.# #....#
##.# #.#
######.####


You could see Crazy Yiuf (strong).

Vanquished Creatures
  3 adders
  2 worms (D:2)
  A dart slug (D:3)
  A ball python (D:1)
  8 endoplasms
  A giant cockroach (D:1)
  6 goblins
  2 jackals (D:1)
  3 quokkas
  7 bats
  2 frilled lizards
  6 kobolds
  2 rats (D:2)
44 creatures vanquished.

Notes
Turn   | Place    | Note
-------+----------+-------------------------------------------
     0 | D:1      | Sin92 the Minotaur Fighter began the quest for the Orb.
     0 | D:1      | Reached XP level 1. HP: 19/19 MP: 0/0
   503 | D:1      | Reached XP level 2. HP: 27/27 MP: 1/1
   798 | D:1      | Found a faded altar of an unknown god.
  1171 | D:2      | Reached XP level 3. HP: 32/33 MP: 2/2
  1523 | D:2      | Found a shimmering altar of Xom.
  1630 | D:2      | Found Ujof's Assorted Antiques.
  1779 | D:3      | Found a hazy altar of Hepliaklqana.
  1781 | D:3      | Found a basalt altar of Yredelemnul.
  1789 | D:3      | Found an opulent altar of Gozag.
  1965 | D:3      | Reached XP level 4. HP: 35/41 MP: 3/3
  2179 | D:3      | Found a broken altar of Ashenzari.
  2179 | D:3      | Found an ornate altar of the Wu Jian Council.
  2181 | D:3      | Found a snail-covered altar of Cheibriados.
  2369 | D:3      | Found a runed translucent door.
  2370 | D:3      | Noticed Crazy Yiuf
  2745 | D:3      | Mangled by Crazy Yiuf

Illustrated notes

Levels and vault maps discovered:
D:1:      elethiomel_arrival_quiet, layout_basic,
          shapermc_ecumenical_altar_venn, serial_bayou_ford_a,
          chequers_serial_rivers_micro_b, minmay_door_square
D:2:      layout_basic, basic_altar, serial_shops, nicolae_shop_trees
D:3:      layout_loops_corners, nicolae_overflow_hidden_temple,
          mainiacjoe_overflow_concentric_impassable, uniq_crazy_yiuf_cottage

Skill      XL: |  1  2  3 |
---------------+----------+-----
Fighting       | 4 |  4.4
Armour         | 4 |  4.7
Shields        | 4 |  4.0
Axes           | 3 |  3.3

Action                   |  1- 3 |  4- 6 || total
-------------------------+-------+-------++-------
Melee: War axe           |    64 |    19 ||    83
       Headbutt          |    14 |     2 ||    16
  Use: Scroll            |     4 |       ||     4
Armor: Scale mail        |    23 |    11 ||    34
Dodge: Dodged            |    13 |     6 ||    19
Block: Kite shield       |    32 |     6 ||    38
